AoeStats
← CelticNYC

Arena

506397463Analyzed
4v4 RM · 20d ago on Sep 13, 2026· 48m 36s· 8 players
Game mode
Random Map
Map size
Large (8 player)
Population
200
Speed
Normal
Resources
Standard
Victory
Conquest
Starting age
Dark Age
Ending age
Imperial Age
RankedLock teamsTeams togetherTeam positionsShared explorationLock speedFull tech treeHidden civsTurbo modeCheats
Victory
Defeat
🇨🇳 Britons · China
1047
+17
🇺🇸 Persians · United States
1034
+17
🇨🇳 Khmer · China
1032
+17
🇺🇸 Vikings · United States
1005
+19
🇩🇪 Persians · Germany
1068
-18
🇧🇪 Poles · Belgium
1062
-18
🇨🇳 Japanese · China
1058
-17
🇹🇼 Franks · Taiwan
1052
-17
心焰
9:48 Feudal Age
13:14 Castle Age
11:12 Double-Bit Axe
11:37 Horse Collar
21:19 Bow Saw
23:41 Wheelbarrow
23:12 Gold Mining
27:54 Imperial Age
27:29 Hand Cart
27:03 Loom
27:03 Town Watch
27:23 Heavy Plow
27:54 Husbandry
28:04 Bloodlines
27:59 Elite Battle Elephant
28:53 Scale Barding Armor
28:59 Forging
30:42 Chain Barding Armor
32:41 Tusk Swords
33:02 Conscription
33:41 Plate Barding Armor
33:42 Iron Casting
36:42 Blast Furnace
37:31 Light Cavalry
39:33 Gold Shaft Mining
38:48 Stone Mining
38:48 Heavy Scorpion
39:00 Hussar
40:24 Capped Ram
44:08 Scale Mail Armor
43:59 Fletching
44:10 Padded Archer Armor
44:39 Ballistics
44:25 Siege Engineers
45:21 Chemistry
44:43 Ballistics
48:05 Crop Rotation
Lil Bullz
10:54 Feudal Age
15:46 Castle Age
15:29 Double-Bit Axe
15:58 Scale Barding Armor
15:42 Light Cavalry
17:33 Husbandry
23:41 Bloodlines
24:46 Loom
37:40 Gold Mining
38:36 Bloodlines
43:15 Town Watch
1361331795
0:33 Loom
10:42 Feudal Age
15:17 Castle Age
13:42 Horse Collar
24:08 Wheelbarrow
23:23 Double-Bit Axe
23:40 Heavy Plow
28:25 Imperial Age
26:37 Bow Saw
27:15 Stone Mining
27:17 Gold Mining
27:52 Hand Cart
27:58 Fletching
28:08 Padded Archer Armor
28:31 Ballistics
28:07 Murder Holes
29:47 Pikeman
30:27 Squires
30:12 Arson
32:51 Two-Man Saw
32:31 Gold Shaft Mining
32:28 Conscription
32:30 Yeomen
32:40 Elite Longbowman
34:25 Bodkin Arrow
34:45 Leather Archer Armor
37:41 Chemistry
36:47 Siege Engineers
36:31 Halberdier
40:31 Forging
40:21 Scale Mail Armor
40:22 Bracer
40:52 Ring Archer Armor
42:16 Iron Casting
43:35 Warwolf
CelticNYC
12:28 Feudal Age
12:55 Double-Bit Axe
15:39 Loom
16:43 Man-at-Arms
19:39 Castle Age
18:48 Horse Collar
19:21 Forging
18:36 Man-at-Arms
19:56 Scale Mail Armor
19:45 Arson
23:36 Fletching
25:12 Bodkin Arrow
28:20 Murder Holes
33:34 Imperial Age
30:36 Long Swordsman
31:02 Gambesons
31:18 Squires
31:30 Gambesons
33:29 Iron Casting
33:09 Chain Mail Armor
33:37 Capped Ram
35:10 Conscription
35:03 Two-Handed Swordsman
36:56 Blast Furnace
36:42 Plate Mail Armor
37:21 Chieftains
38:17 Bow Saw
39:00 Heavy Plow
40:01 Champion
43:45 Caravan
46:41 Pikeman
47:59 Fortified Wall
48:50 Chemistry
48:11 Ballistics
benk_moham
11:46 Feudal Age
13:01 Horse Collar
16:31 Castle Age
15:22 Double-Bit Axe
19:36 Heavy Plow
20:32 Bow Saw
24:56 Gold Mining
25:10 Husbandry
27:53 Imperial Age
25:50 Bloodlines
25:53 Town Watch
26:44 Wheelbarrow
26:22 Scale Barding Armor
26:29 Forging
26:35 Squires
27:31 Szlachta Privileges
28:58 Chain Barding Armor
29:14 Iron Casting
29:09 Conscription
28:31 Cavalier
30:25 Capped Ram
33:19 Blast Furnace
32:35 Elite Obuch
34:03 Pikeman
34:42 Siege Ram
36:15 Crop Rotation
40:46 Fletching
40:51 Crossbowman
41:48 Light Cavalry
42:01 Arbalester
43:10 Ballistics
43:51 Chemistry
45:16 Thumb Ring
47:15 Bodkin Arrow
給你舒服
10:07 Feudal Age
8:36 Loom
10:37 Double-Bit Axe
16:58 Castle Age
15:33 Gold Mining
16:16 Fletching
16:46 Scale Mail Armor
17:08 Stone Mining
18:13 Bow Saw
25:16 Forging
26:59 Bodkin Arrow
32:14 Imperial Age
30:57 Wheelbarrow
31:13 #83
31:25 Chain Mail Armor
32:21 Fortified Wall
32:37 Ballistics
33:29 Cavalier
34:19 Scale Barding Armor
34:34 Husbandry
34:51 Caravan
36:07 Masonry
36:22 Chain Barding Armor
36:35 Hand Cart
38:00 Plate Barding Armor
41:34 Iron Casting
Pandinus
1:22 Loom
10:40 Feudal Age
17:38 Castle Age
15:53 Double-Bit Axe
16:10 Horse Collar
19:35 Bow Saw
25:05 Wheelbarrow
24:33 Town Watch
27:09 Bloodlines
27:51 Kamandaran
28:12 Husbandry
28:11 Crossbowman
28:49 Fletching
29:39 Heavy Plow
30:03 Bodkin Arrow
30:52 Ballistics
31:20 Thumb Ring
34:18 Imperial Age
32:13 Padded Archer Armor
32:34 Murder Holes
32:47 Gold Mining
34:08 Masonry
34:50 Leather Archer Armor
35:44 Hand Cart
36:09 Ring Archer Armor
36:07 Stone Mining
37:17 Conscription
38:29 Gold Shaft Mining
38:05 Scale Barding Armor
39:30 Chemistry
38:23 Pikeman
40:06 Chain Barding Armor
40:36 Scale Mail Armor
40:09 Halberdier
41:04 Squires
42:41 Architecture
42:29 Citadels
43:02 Chain Mail Armor
飞鱼
11:22 Feudal Age
16:05 Castle Age
14:27 Double-Bit Axe
14:50 Horse Collar
17:30 Bow Saw
21:05 Scale Mail Armor
23:14 Chain Mail Armor
34:25 Imperial Age
32:11 Pikeman
34:33 Forging
37:01 Fletching
Connection lost

Rejoining the realm…

Still unreachable

The connection could not be restored.

Session expired

The server has moved on; the page needs a fresh start.